 Dungeon Crawl Stone Soup version 0.30.0-19-g36f170ea60 (webtiles) character file.

Game seed: 3465591708851143854

219 IndexError the Trooper (level 5, 0/50 HPs)
             Began as a Hill Orc Fighter on May 26, 2023.
             Was a Follower of Qazlal.
             Slain by a water moccasin (6 damage)
             ... on level 3 of the Dungeon.
             The game lasted 00:04:26 (1690 turns).

IndexError the Trooper (Hill Orc Fighter)           Turns: 1690, Time: 00:04:27

Health: 0/50       AC:  9    Str: 21    XL:     5   Next: 96%
Magic:  5/5        EV:  6    Int:  8    God:    Qazlal [*.....]
Gold:   79         SH: 13    Dex: 10    Spells: 4/4 levels left

rFire   . . .        a - +0 war axe
rCold   . . .        w - +0 tower shield
rNeg    . . .        b - +0 scale mail
rPois   .            (no helmet)
rElec   .            j - +0 cloak
rCorr   +            u - +0 pair of gloves
SInv    .            (no boots)
Will    .....        (no amulet) Stlth
                     f - ring of flight {+Fly, !d}
HPRegen 0.28/turn    t - ring of resist corrosion
MPRegen 0.09/turn

%: no passive effects
@: lethally poisoned (0 -> -8), flying
A: no striking features
a: Renounce Religion


You were on level 3 of the Dungeon.
You worshipped Qazlal.
Qazlal was aware of your devotion.
You visited 1 branch of the dungeon, and saw 3 of its levels.

You collected 79 gold pieces.

Inventory:

Hand Weapons
 a - a +0 war axe (weapon)
Armour
 b - a +0 scale mail (worn)
 c - a +0 buckler
 j - a +0 cloak (worn)
   (You found it on level 1 of the Dungeon)
 u - a +0 pair of gloves (worn)
   (You found it on level 2 of the Dungeon)
 w - a +0 tower shield (worn)
   (You found it on level 2 of the Dungeon)
Jewellery
 f - a ring of flight (left hand) {+Fly, !d}
   (You found it on level 1 of the Dungeon)
 t - a ring of resist corrosion (right hand)
   (You found it on level 2 of the Dungeon)
Wands
 s - a wand of roots (10)
   (You found it on level 2 of the Dungeon)
Scrolls
 e - 2 scrolls of noise {unknown}
 i - 2 scrolls of fear {unknown}
 k - 3 scrolls of amnesia {unknown}
 l - 3 scrolls of immolation {unknown}
 m - a scroll of poison {unknown}
 p - a scroll of vulnerability {unknown}
 r - a scroll of identify {unknown}
 v - a scroll of butterflies {unknown}
Potions
 d - a potion of might
 g - 2 potions of haste {unknown}
 h - a potion of lignification {unknown}
 n - a potion of berserk rage {unknown}
 o - 2 potions of curing {unknown}
 q - a potion of mutation {unknown}


   Skills:
 - Level 6.0 Fighting
 + Level 5.9 Axes
 - Level 3.2 Armour
 + Level 3.3 Shields


You had 4 spell levels left.
You didn't know any spells.
Your spell library contained the following spells:

 Spells                   Type           Power      Damage    Failure   Level
 Volatile Blastmotes      Fire/Tloc      0%         2d10      100%        3
 Fulminant Prism          Conj/Hex       0%         3d5       100%        4
 Iskenderun's Mystic Bla  Conj/Tloc      0%         2d3       100%        4
 Lee's Rapid Deconstruct  Erth           0%         3d4*      100%        5


Dungeon Overview and Level Annotations

Branches:
Dungeon (3/15)

Altars:
Qazlal


Message History

There is a stone staircase leading down here.
You closely miss the goblin. You block the goblin's attack.
An endoplasm comes into view.
You block the goblin's attack.
You closely miss the goblin.
The endoplasm quivers.
You block the goblin's attack.
You hit the goblin but do no damage. The goblin hits you but does no damage.
You block the endoplasm's attack. The goblin barely misses you.
You hit the endoplasm. You hit the goblin. Qazlal accepts your kill.
You block the endoplasm's attack.
Training target 6.0 for Fighting reached!
Your Fighting skill increases to level 6!
You hit the endoplasm. Qazlal accepts your kill.
No target in view!
No target in view!
A giant cockroach comes into view.
You block the giant cockroach's attack.
You barely miss the giant cockroach. You block the giant cockroach's attack.
The giant cockroach bites you but does no damage.
You slash the giant cockroach! Qazlal accepts your kill.
No target in view!
No target in view!
You can't go up here!
k - 3 scrolls labelled JAHIOGG BOTA (gained 2)
Found a stone staircase leading up.
A goblin comes into view. It is wielding a +0 club.
The goblin shouts!
A goblin is nearby!
An endoplasm comes into view.
An orc comes into view. It is wielding a +0 hand axe.
The orc shouts!
You hit the goblin. Qazlal accepts your kill.
An adder comes into view.
The adder moves out of view.
You hear an angry hiss.
A water moccasin comes into view.
The endoplasm freezes you.
You are frozen.
Things that are here:
a +0 club; a goblin corpse You take 2 damage, and have 48/50 hp.
You hit the endoplasm. The endoplasm freezes you.
You are frozen.
The endoplasm freezes you.
You are frozen.
You take 3 damage, and have 45/50 hp.
You hit the endoplasm. You block the endoplasm's attack.
You slash the endoplasm! Qazlal accepts your kill. You block the orc's attack.
You hit the orc. The orc hits you with a +0 hand axe.
You take 5 damage, and have 41/50 hp.
You completely miss the orc. You block the orc's attack. x2
You hit the orc but do no damage. The orc hits you but does no damage.
You hit the orc. Qazlal accepts your kill.
You block the water moccasin's attack.
You closely miss the water moccasin.
You block the water moccasin's attack. x2
You closely miss the water moccasin. The water moccasin barely misses you.
The water moccasin bites you!
You take 8 damage, and have 35/50 hp.
You barely miss the water moccasin.
The water moccasin bites you but does no damage.
You block the water moccasin's attack.
You slash the water moccasin! You block the water moccasin's attack.
The water moccasin bites you.
You are poisoned.
The water moccasin poisons you!
You take 2 damage, and have 34/50 hp.
You barely miss the water moccasin.
You feel very sick. The water moccasin closely misses you.
You block the water moccasin's attack. The water moccasin bites you.
You are lethally poisoned!
The water moccasin poisons you!
You take 9 damage, and have 25/50 hp.
You are too injured to fight recklessly!
You are too injured to fight recklessly!
You slash the water moccasin!
You feel extremely sick.
You block the water moccasin's attack. x2
You take 8 damage, and have 17/50 hp.
You hit the water moccasin.
* * * LOW HITPOINT WARNING * * *
You feel very sick.
You block the water moccasin's attack. x2
You take 5 damage, and have 12/50 hp.
You hit the water moccasin but do no damage.
* * * LOW HITPOINT WARNING * * *
You feel very sick. The water moccasin bites you.
* * * LOW HITPOINT WARNING * * *
The water moccasin bites you.
You die...

## ... #.# . ... ##.
#.### #.. ...# #.#
#[###.### #.#
#.SS@...# #####.###
#.###.#.# ........#
#.....# ...>)...###
###.##### ..........#
#...#
###.#####.###..######
#..................<#
#.......#.##...######
#.##....#.######


You could see a water moccasin and an adder.

Vanquished Creatures
  Sigmund (D:2)
  An adder (D:2)
  A dart slug (D:1)
  An orc (D:3)
  A ball python (D:1)
  8 endoplasms
  3 giant cockroaches
  5 hobgoblins
  4 kobolds
  2 quokkas (D:1)
  2 bats (D:2)
  6 frilled lizards
  6 goblins
  3 rats
44 creatures vanquished.

Notes
Turn   | Place    | Note
-------+----------+-------------------------------------------
     0 | D:1      | IndexError the Hill Orc Fighter began the quest for the
                  | Orb.
     0 | D:1      | Reached XP level 1. HP: 19/19 MP: 1/1
    38 | D:1      | Reached skill level 3 in Axes
   171 | D:1      | Reached XP level 2. HP: 27/27 MP: 2/2
   174 | D:1      | Reached skill level 4 in Fighting
   446 | D:1      | Reached XP level 3. HP: 34/34 MP: 3/3
   936 | D:2      | Found a faded altar of an unknown god.
   954 | D:2      | Prayed at the altar of an unknown god.
   954 | D:2      | Became a worshipper of Qazlal Stormbringer
   954 | D:2      | Reached * piety under Qazlal
   981 | D:2      | Reached skill level 4 in Axes
   997 | D:2      | Noticed Sigmund
  1009 | D:2      | Killed Sigmund
  1010 | D:2      | Reached skill level 5 in Fighting
  1010 | D:2      | Reached skill level 5 in Axes
  1010 | D:2      | Reached XP level 4. HP: 38/44 MP: 4/4
  1010 | D:2      | Reached XP level 5. HP: 43/50 MP: 5/5
  1633 | D:3      | Reached skill level 6 in Fighting
  1675 | D:3      | Noticed a water moccasin
  1689 | D:3      | HP: 12/50 [poisoned by a water moccasin]
  1690 | D:3      | Slain by a water moccasin

Illustrated notes

Levels and vault maps discovered:
D:1:      psy_arrival_dodecagon, layout_basic, minmay_cupped
D:2:      layout_basic, shapermc_ecumenical_altar_venn, uniq_sigmund
D:3:      layout_basic, zin_angel, biasface_ghost_orc_armoury, serial_shops,
          nicolae_shop_pleasant_corner_grove, minmay_quantized

Skill      XL: |  1  2  3  4  5 |
---------------+----------------+-----
Axes           | 3 5 |  5.9
Fighting       | 4 5 6 |  6.0
Armour         | |  3.2
Shields        | |  3.3

Action                     |  1- 3 |  4- 6 || total
---------------------------+-------+-------++-------
  Melee: War axe           |    59 |    40 ||    99
 Armour: Scale mail        |    20 |     7 ||    27
  Dodge: Dodged            |    26 |    11 ||    37
  Block: Buckler           |    14 |     5 ||    19
         Tower shield      |       |    22 ||    22

Levels and vault maps discovered:
D:1:      psy_arrival_dodecagon, layout_basic, minmay_cupped
D:2:      layout_basic, shapermc_ecumenical_altar_venn, uniq_sigmund
D:3:      layout_basic, zin_angel, biasface_ghost_orc_armoury, serial_shops,
          nicolae_shop_pleasant_corner_grove, minmay_quantized

Table legend: (Time is in decaauts)
 A = Elapsed time spent in this place.
 B = Non-inter-level travel time spent in this place.
 C = Inter-level travel time spent in this place.
 D = Time resting spent in this place.
 E = Time spent auto-exploring this place.
 F = Levels seen in this place.
 G = Mean time per level.
                   A        B        C        D        E       F      G
               +--------+--------+--------+--------+--------+-----+--------+
         Total |   1725 |   1517 |    208 |      0 |   1210 |   3 |  575.0 |
       Dungeon |   1725 |   1517 |    208 |      0 |   1210 |   3 |  575.0 |
               +--------+--------+--------+--------+--------+-----+--------+

Top non-repeatable levels by time:
     D:1: 923 daAuts
     D:2: 724 daAuts
     D:3: 77 daAuts

Table legend:
 A = Kills in this place as a percentage of kills in the entire game.
 B = Kills by you in this place as a percentage of kills by you in the entire game.
 C = Kills by friends in this place as a percentage of kills by friends in the entire game.
 D = Other kills in this place as a percentage of other kills in the entire game.
 E = Experience gained in this place as a percentage of experience gained in the entire game.
 F = Experience gained in this place divided by the number of levels of this place that you have seen.
                   A       B       C       D       E      F
               +-------+-------+-------+-------+-------+----------------------
         Total | 100.0 | 100.0 |   N/A |   N/A | 100.0 | 104.3
       Dungeon | 100.0 | 100.0 |   N/A |   N/A | 100.0 | 104.3
               +-------+-------+-------+-------+-------+----------------------
